 Dungeon Crawl Stone Soup version 0.26-a0-757-g626ac9e51a (webtiles) character file.

Game seed: 4588104153531723217

2 miscthings the Sneak (level 1, -1/20 HPs)
             Began as a Palentonga Delver on Nov 8, 2020.
             Slain by an orc wizard
             ... wielding a +0 dagger
              (4 damage)
             ... on level 4 of the Dungeon.
             The game lasted 00:00:52 (85 turns).

miscthings the Sneak (Palentonga Delver)              Turns: 85, Time: 00:00:52

Health: -1/20      AC:  4    Str: 15    XL:     1   Next: 33%
Magic:  1/1        EV:  9    Int: 10    God:
Gold:   0          SH:  0    Dex: 11    Spells: 0/0 levels left

rFire    . . .     SeeInvis +   h - +3 hand axe
rCold    . . .     Faith    .   (no shield)
rNeg     . . .     Spirit   .   b - +0 leather armour
rPois    .         Reflect  .   (no helmet)
rElec    .         Harm     .   (no cloak)
rCorr    .         Rampage  .   (no gloves)
MR       .....                  (no barding)
Stlth    ++........             (no amulet)
HPRegen  0.06/turn              (no ring)
MPRegen  0.07/turn              (no ring)

@: slowed, very slow
A: large, rugged brown scales 3, see invisible, deformed body, roll, armoured
tail
a: Rolling Charge


You were on level 4 of the Dungeon.
You visited 1 branch of the dungeon, and saw 2 of its levels.

Inventory:

Hand Weapons
 h - a +3 hand axe (weapon)
Missiles
 i - 4 atropa-tipped darts (quivered)
Armour
 b - a +0 leather armour (worn)
Wands
 g - a wand of digging (3)
Scrolls
 c - a scroll of fog
Potions
 a - a potion of resistance {unknown}
 f - a potion of haste


   Skills:
 - Level 3.0 Fighting
 + Level 2.2 Axes
 - Level 1.5 Dodging
 - Level 3.3 Stealth


You couldn't memorise any spells.
You didn't know any spells.
Your spell library was empty.

Dungeon Overview and Level Annotations

Branches:
Dungeon (5/15)
 Temple: D:4-7

Altars:

Shops:
D:5 [


Innate Abilities, Weirdness & Mutations

You are completely covered in rugged brown scales. (AC +3, +7% HP)
You have supernaturally acute eyesight. (SInv)
Armour fits poorly on your strangely shaped body.
You can roll at foes to attack.
You have a long armoured tail.


Message History

An orc comes into view.
It is wielding a +0 dagger of electrocution.
Okay, then.
As you read the scroll of fog, it crumbles to dust.
The scroll dissolves into smoke.
The orc wizard casts a spell at you. The magic dart hits you.
* * * LOW HITPOINT WARNING * * *
As you read the scroll of magic mapping, it crumbles to dust.
You feel aware of your surroundings.
You sensed 1 altar.
The orc wizard mumbles some strange words.
The orc wizard seems to speed up.
The orc wizard hits you but does no damage.
Throwing (i - inventory)
i - 5 atropa-tipped darts (quivered)
Press: ? - help, Shift-Dir - straight line, f - orc wizard
Aim: an orc wizard, wielding a +0 dagger and wearing a +0 robe (blue smoke, fast, chance to blind on hit: 83%)
You throw an atropa-tipped dart.
The atropa-tipped dart hits the orc wizard.
The orc wizard resists.
The orc wizard hits you with a +0 dagger.
You die...

,,,,,,,,,,#.............#..>.*
,,,,,,,,,.##.................*
,,,,,,,,.............o.o.$.##*
,,,,,,,...........)##..#.###**
,*,,,,,..........###...#...,,**
,,,,,,,##......o§#.##..#,..o.,*
,**,,,,,###.....§§§.....,,,..,*
,**,,,,,,......§o§§......,,,.**
,**,,,,,,.#....#@§§.......,,**
,,,,,,,*,,#..###§§§#.#..*****
,,,,,,,,,....,,§§§####,.,*
,,,,,,**,...,,..##.*,*,***
,,,,,***,..,,.?.**..,,,,*
,,,,,**,,,,,....,,?..,,,*
,,,,,*,,,,,.....,,..$.,**
**,*,,,,,,...S..,,,..##*
**,,,,,,,,,<,,,,,,,,,**


You could see 2 orc wizards.

Vanquished Creatures
  A quokka (D:4)
  2 frilled lizards (D:4)
3 creatures vanquished.

Notes
Turn   | Place    | Note
-------+----------+-------------------------------------------
     0 | D:5      | miscthings the Palentonga Delver began the quest for the
                  | Orb.
     0 | D:5      | Reached XP level 1. HP: 20/20 MP: 1/1
     1 | D:5      | Noticed a centaur
     7 | D:5      | Found Soviezxy's Armour Boutique.
    68 | D:4      | Noticed an orc priest
    70 | D:4      | Noticed an orc wizard
    70 | D:4      | Noticed an orc wizard
    85 | D:4      | Slain by an orc wizard

Illustrated notes

Levels and vault maps discovered:
D:4:      layout_cave_pools, yredelemnul_altar_generic
D:5:      cheibrodos_helix_gallery, layout_loops_ring,
          nemelex_xobeh_ov_fountains_minmay, minmay_temple_entry_gardened_gates,
          serial_shops, shop, lightli_corner_chamber

Action                   || total
-------------------------++-------
Melee: Hand axe          ||     5
Throw: Dart              ||     1
  Use: Scroll            ||     3
 Stab: Sleeping          ||     1
Armor: Leather armour    ||     4
Dodge: Dodged            ||     3

Table legend: (Time is in decaauts)
 A = Elapsed time spent in this place.
 B = Non-inter-level travel time spent in this place.
 C = Inter-level travel time spent in this place.
 D = Time resting spent in this place.
 E = Time spent auto-exploring this place.
 F = Levels seen in this place.
 G = Mean time per level.
                   A        B        C        D        E       F      G
               +--------+--------+--------+--------+--------+-----+--------+
         Total |     86 |     86 |      0 |      0 |      0 |   2 |   43.0 |
       Dungeon |     86 |     86 |      0 |      0 |      0 |   2 |   43.0 |
               +--------+--------+--------+--------+--------+-----+--------+

Top non-repeatable levels by time:
     D:4: 66 daAuts
     D:5: 20 daAuts
